Map: Ulrena

Players

MrStork

  • Race: Zerg Zerg
  • League: Diamond

Ninja - Winner!

  • Race: Zerg Zerg

Event: Gauntlet LotV Series 1 Qualifier 1

VOD

Have the link to the VOD?

Description

Time

  • Played on: Nov. 22, 2015, 3:32 p.m.
  • Length: 4:29

All games in this series

Show
View Real Time Build Order
Export as new Build Order

MrStork Zerg 

Build Orders: Pool First 

Get SALT Encoding   

  12  0:01  Drone  
  13  0:08  Drone  
  14  0:14  Extractor  
  14  0:15  Drone  
  15  0:22  Overlord  
  15  0:37  Spawning Pool  
  15  0:40  Drone  
  15  0:44  Extractor  
  15  0:46  Drone  
  15  0:50  Drone  
  15  0:56  Drone  
  17  1:18  Hatchery  
  16  1:23  Zergling x2  
  16  1:25  Zergling x2  
  18  1:30  Zergling x2  
  19  1:38  Zergling x2  
  20  1:49  Metabolic Boost  
  20  1:51  Zergling x2  
  21  1:59  Overlord  
  21  2:03  Extractor  
  21  2:04  Queen  
  23  2:17  Zergling x2  
  24  2:25  Zergling x2  
  25  2:36  Zergling x4  
  24  2:45  Queen, Zergling x2  
  24  2:48  Zergling x2  
  28  2:51  Zergling x2  
  28  2:57  Zergling x2  
  30  3:03  Zergling x2  
  30  3:04  Zergling x2  
  25  3:13  Zergling x2  
  25  3:15  Zergling x2  
  25  3:23  Zergling x8  
  24  3:35  Zergling x4  
  24  3:44  Zergling x2  
  25  3:50  Zergling x2  
  18  3:57  Zergling x6  
  18  3:59  Zergling x10  
  24  4:06  Zergling x2  
Show
View Real Time Build Order
Export as new Build Order

Ninja Zerg - Winner!

Build Orders: Pool Only, Zergling Baneling 

Get SALT Encoding   

  12  0:01  Drone  
  13  0:12  Overlord  
  13  0:18  Drone  
  14  0:34  Spawning Pool  
  13  0:38  Extractor  
  13  0:39  Drone  
  13  0:44  Drone  
  13  0:48  Drone  
  15  0:52  Drone  
  16  1:03  Drone  
  17  1:14  Drone  
  18  1:22  Spore Crawler  
  20  1:25  Zergling x2  
  20  1:29  Queen  
  20  1:34  Zergling x2  
  21  1:40  Metabolic Boost  
  21  1:48  Zergling x2  
  22  1:56  Overlord  
  22  1:59  Baneling Nest  
  21  2:06  Zergling x2  
  22  2:18  Zergling x2  
  22  2:21  Queen  
  25  2:27  Zergling x2  
  25  2:39  Zergling x6  
  25  2:41  Zergling x2  
  27  2:52  Zergling x2  
  27  2:56  Baneling  
  27  2:57  Baneling x3  
  28  3:01  Baneling  
  28  3:04  Zergling x2  
  28  3:17  Zergling x2  
  28  3:24  Zergling x2  
  28  3:32  Baneling x2  
  28  3:34  Zergling x2  
  28  3:42  Baneling  
  28  3:43  Baneling x2  
  28  3:45  Zergling x2  
  28  3:52  Zergling x4  
  28  3:53  Zergling x2  
  28  4:00  Zergling x2  
  25  4:10  Baneling  
Tags
 
Add a new tag
Caveats
  • Supply blocks, unpowered buildings, or Contaminate may cause inaccurate times.
  • Supply counts are checked every 10 seconds.